 Dungeon Crawl Stone Soup version 0.29.1-2-gbd0b4ee654 (webtiles) character file.

Game seed: 17079701980084408049

1059 ripuliukko the Cleaver (level 8, -7/105 HPs)
             Began as a Minotaur Fighter on Nov 15, 2022.
             Mangled by a troll (9 damage)
             ... on level 5 of the Dungeon.
             The game lasted 00:12:43 (4522 turns).

ripuliukko the Cleaver (Minotaur Fighter)           Turns: 4522, Time: 00:12:44

Health: -7/105     AC: 24    Str: 20    XL:     8   Next: 6%
Magic:  7/7        EV:  2    Int:  5    God:
Gold:   325        SH:  5    Dex: 13    Spells: 7/7 levels left

rFire   . . .      SeeInvis .   a - +0 war axe (flame)
rCold   . . .      Faith    .   c - +0 buckler
rNeg    . . .      Spirit   .   (body armour currently unavailable)
rPois   +          Reflect  .   (helmet currently unavailable)
rElec   .          Harm     .   (cloak currently unavailable)
rCorr   .          Rampage  .   (gloves currently unavailable)
Will    .....      NoTele   +   (boots currently unavailable)
Stlth   +.........              (no amulet)
HPRegen 0.27/turn               (no ring)
MPRegen 0.10/turn               (no ring)

@: tree-form
A: stationary, stasis, torment immunity, boosted hp, (horns 2), (retaliatory
headbutt)
a: no special abilities


You were on level 5 of the Dungeon.
You were a tree.
You visited 1 branch of the dungeon, and saw 5 of its levels.

You collected 325 gold pieces.

Inventory:

Hand Weapons
 a - a +0 war axe of flaming (weapon)
 q - a +2 vorpal flail
Armour
 b - a +0 scale mail (melded)
 c - a +0 buckler (worn)
 g - a +0 pair of boots (melded)
Jewellery
 d - a ring of fire
Wands
 l - a wand of flame (14)
 p - a wand of polymorph (9)
Scrolls
 f - a scroll of summoning {unknown}
 h - 2 scrolls of butterflies
 j - a scroll of magic mapping
 k - a scroll of poison
 m - 2 scrolls of identify
 s - 2 scrolls of silence {unknown}
 t - 2 scrolls of vulnerability {unknown}
Potions
 i - a potion of lignification
 n - 2 potions of flight
 r - a potion of brilliance
 u - a potion of heal wounds {unknown}
 M - a potion of mutation


   Skills:
 + Level 6.1 Fighting
 + Level 8.7(8.9) Axes
 + Level 2.7(6.1) Maces & Flails
 - Level 4.0 Armour
 - Level 4.5 Shields
 * Level 2.4 Evocations


You had 7 spell levels left.
You didn't know any spells.
Your spell library was empty.

Dungeon Overview and Level Annotations

Branches:
Dungeon (5/15)
 Temple: D:4-7

Altars:
Fedhas
Nemelex Xobeh
Qazlal
Trog
Uskayaw
Vehumet


Innate Abilities, Weirdness & Mutations

You are a tree.
Your roots penetrate the ground, keeping you stationary.
You cannot be teleported.
You are immune to unholy pain and torment.
Your maximum health is greatly increased.
Your equipment is partially melded.
((You have a pair of horns on your head.))
((You reflexively headbutt those who attack you in melee.))


Message History

Your +0 pair of boots melds into your body.
Your +0 scale mail melds into your body.
Your roots penetrate the ground.
The troll bites you! The troll claws you but does no damage.
You block the troll's attack.
Unknown command.
You closely miss the troll. The troll bites you!
* * * LOW HITPOINT WARNING * * *
The troll claws you but does no damage. The troll completely misses you.
You hit the troll. You burn the troll.
The troll is lightly wounded.
You block the troll's attack. The troll claws you but does no damage.
You block the troll's attack.
Unknown command.
You slash the troll! You burn the troll.
The troll is heavily wounded.
The troll bites you!
* * * LOW HITPOINT WARNING * * *
You block the troll's attack. The troll claws you but does no damage.
Unknown command.
You hit the troll. You burn the troll.
The troll is heavily wounded.
The troll bites you!
* * * LOW HITPOINT WARNING * * *
The troll claws you but does no damage. The troll claws you!
* * * LOW HITPOINT WARNING * * *
Unknown command.
You feel better. The troll bites you but does no damage.
You block the troll's attack. The troll claws you.
* * * LOW HITPOINT WARNING * * *
Unknown command.
You barely miss the troll.
The troll is heavily wounded.
The troll bites you but does no damage. The troll claws you but does no damage.
You block the troll's attack.
Unknown command.
You hit the troll. You burn the troll.
The troll is heavily wounded.
The troll bites you but does no damage. You block the troll's attack.
The troll claws you!
You die...

...###..
...####..#...
....>...(#...
##########......
##....~)~~##.....
##~########~##....
#~## .~!~≈##.#...<
#~# ..§§≈S#.#....
#♣# ......S#.#....
#T#'..~~.≈S#~#....
#..# .~..≈##~##...
##~# ########~##.#
~~# .~.~≈##~#..
#~# .~~~SS#~#.. ~#
..~..S#.#.. .#
..P.≈≈#†#.. ..
....≈##'#..


You could see a troll.

Vanquished Creatures
  A water moccasin (D:5)
  2 black bears (D:5)
  An ogre (D:5)
  A necrophage (D:5)
  3 scorpions
  A wight (D:5)
  2 howler monkeys
  An electric eel (D:5)
  An orc priest (D:4)
  2 hounds
  Terence (D:2)
  4 gnolls
  7 adders
  An ufetubus (D:5)
  A worm (D:3)
  2 dart slugs (D:1)
  5 orcs (D:4)
  7 endoplasms
  4 giant cockroaches
  3 goblins
  4 hobgoblins
  3 jackals (D:2)
  6 quokkas
  9 ball pythons
  4 bats
  4 frilled lizards
  5 kobolds
  4 rats
89 creatures vanquished.

Vanquished Creatures (others)
  6 plants (D:5)
6 creatures vanquished.

Grand Total: 95 creatures vanquished

Notes
Turn   | Place    | Note
-------+----------+-------------------------------------------
     0 | D:1      | ripuliukko the Minotaur Fighter began the quest for the
                  | Orb.
     0 | D:1      | Reached XP level 1. HP: 19/19 MP: 0/0
   215 | D:1      | Reached XP level 2. HP: 27/27 MP: 1/1
   501 | D:1      | Reached XP level 3. HP: 33/33 MP: 2/2
   695 | D:1      | Reached skill level 3 in Axes
   984 | D:2      | Found a hide-covered altar of Uskayaw.
  1240 | D:2      | Noticed Terence
  1246 | D:2      | Killed Terence
  1247 | D:2      | Reached XP level 4. HP: 34/40 MP: 3/3
  1334 | D:2      | Reached skill level 4 in Axes
  1712 | D:3      | Found a faded altar of an unknown god.
  1852 | D:3      | Found a stormy altar of Qazlal.
  1902 | D:3      | Found a blossoming altar of Fedhas.
  2314 | D:4      | Reached XP level 5. HP: 29/47 MP: 4/4
  2638 | D:4      | Reached skill level 5 in Axes
  2902 | D:4      | Reached skill level 6 in Axes
  3019 | D:4      | Reached XP level 6. HP: 42/55 MP: 5/5
  3152 | D:4      | Reached skill level 5 in Fighting
  3252 | D:4      | Reached skill level 1 in Maces & Flails
  3654 | D:5      | Entered Level 5 of the Dungeon
  3654 | D:5      | Found a radiant altar of Vehumet.
  3666 | D:5      | Reached skill level 7 in Axes
  3669 | D:5      | Reached skill level 1 in Evocations
  3716 | D:5      | Found a sparkling altar of Nemelex Xobeh.
  3732 | D:5      | Found a bloodstained altar of Trog.
  3791 | D:5      | Reached XP level 7. HP: 61/61 MP: 6/6
  4041 | D:5      | Reached skill level 8 in Axes
  4460 | D:5      | Reached XP level 8. HP: 63/70 MP: 7/7
  4504 | D:5      | Noticed a troll
  4519 | D:5      | HP: 3/105 [troll (8)]
  4522 | D:5      | Mangled by a troll

Illustrated notes

Levels and vault maps discovered:
D:1:      minmay_arrival_four_houses, layout_loops_ring
D:2:      layout_loops_cross, basic_altar, uniq_terence
D:3:      layout_loops_ring, grunt_temple_overflow_forces_of_nature,
          shapermc_ecumenical_altar_mp_vishouse
D:4:      layout_layer_cave, dreamdust_princess_bridge, minivault_26,
          nicolae_concentric_dashed_squares_wild
D:5:      cheibrodos_two_vegetables, layout_rooms, mainiacjoe_overflow_catwalk,
          fiery_altar_vehumet, mainiacjoe_overflow_paths, serial_rivers,
          chequers_serial_rivers_room_a, chequers_serial_rivers_micro_e,
          chequers_serial_rivers_micro_d, chequers_serial_rivers_micro_a,
          chequers_serial_rivers_small_3

Skill      XL: |  1  2  3  4  5  6  7 |
---------------+----------------------+-----
Armour         | 4 |  4.0
Fighting       | 4 5 6 |  6.1
Shields        | 4 |  4.5
Axes           | 3 4 6 7 8 |  8.7
Maces & Flails | 1 2 |  2.7
Evocations     | 1 2 |  2.4

Action                   |  1- 3 |  4- 6 |  7- 9 || total
-------------------------+-------+-------+-------++-------
Melee: War axe           |    65 |    74 |    55 ||   194
       Headbutt          |     7 |    13 |     8 ||    28
       Flail             |       |    15 |       ||    15
Evoke: Wand              |       |       |     1 ||     1
  Use: Scroll            |     6 |     4 |     2 ||    12
       Potion            |     2 |       |     3 ||     5
Armor: Scale mail        |    31 |    47 |    20 ||    98
       Skin              |       |       |     9 ||     9
Dodge: Dodged            |    37 |    46 |    27 ||   110
Block: Buckler           |     7 |    25 |    20 ||    52
